 Dungeon Crawl Stone Soup version 0.20.1-1-g8b1a95d (webtiles) character file.

51 LarsimusPrime the Shield-Bearer (level 3, 0/33 HPs)
             Began as a Minotaur Fighter on Aug 24, 2017.
             Slain by a gnoll
             ... wielding a +0 spear
              (2 damage)
             ... on level 2 of the Dungeon.
             The game lasted 00:04:40 (1100 turns).

LarsimusPrime the Shield-Bearer (Minotaur Fighter)  Turns: 1100, Time: 00:04:43

Health: 0/33       AC:  7    Str: 20    XL:     3   Next: 57%
Magic:  2/2        EV:  7    Int:  5    God:
Gold:   134        SH:  9    Dex: 10    Spells: 2/2 levels left

rFire    . . .     SeeInvis .   a - +1 flail
rCold    . . .     Gourm    .   c - +0 shield
rNeg     . . .     Faith    .   b - +0 scale mail
rPois    .         Spirit   .   (helmet restricted)
rElec    .         Reflect  .   (no cloak)
rCorr    .         Harm     .   (no gloves)
MR       .....                  (no boots)
Stlth    ..........             (no amulet)
Regen    0.2/turn               (no ring)
MPRegen  0.1/turn               (no ring)

@: no status effects
A: retaliatory headbutt, horns 2
a: no special abilities


You were on level 2 of the Dungeon.
You were not hungry.

You visited 1 branch of the dungeon, and saw 2 of its levels.

You collected 134 gold pieces.

Inventory:

Hand Weapons
 a - a +1 flail (weapon)
Missiles
 e - 105 stones (quivered)
Armour
 b - a +0 scale mail (worn)
 c - a +0 shield (worn)
Jewellery
 m - an uncursed ring of teleportation
Wands
 r - a wand of digging (19/24)
Scrolls
 i - a scroll of enchant weapon
 l - a scroll of teleportation
 n - a scroll of identify {unknown}
 p - a scroll of fog {unknown}
 t - a scroll of remove curse
Potions
 d - a potion of might
 g - 2 potions of brilliance {unknown}
 h - 2 potions of lignification {unknown}
 k - a potion of heal wounds {unknown}
 q - a potion of degeneration {unknown}
Comestibles
 f - 2 bread rations
 j - 4 chunks of flesh
 o - a royal jelly
 s - a meat ration


   Skills:
 + Level 4.1 Fighting
 + Level 3.4 Maces & Flails
 + Level 3.9 Armour
 + Level 0.4 Dodging
 + Level 4.2 Shields


You had 2 spell levels left.
You didn't know any spells.

Dungeon Overview and Level Annotations

Branches:
Dungeon (2/15)

Altars:


Innate Abilities, Weirdness & Mutations

You reflexively headbutt those who attack you in melee.
You have a pair of horns on your head.


Message History

You block the gnoll's attack. You block the gnoll's attack. x2
You see here a dagger.
The gnoll barely misses you. x2
Found a royal jelly.
You hit the gnoll. Your headbutt misses the gnoll.
The gnoll is heavily wounded.
You block the gnoll's attack. x2; The gnoll hits you with a spear!
The gnoll barely misses you.
You hit the gnoll.
The gnoll is heavily wounded.
The gnoll closely misses you. x2; You block the gnoll's attack.
You closely miss the gnoll.
The gnoll is heavily wounded.
You block the gnoll's attack. The gnoll hits you with a spear.
The gnoll hits you from afar with a spear.
The gnoll hits you with a spear!
* * * LOW HITPOINT WARNING * * *
The gnoll hits you with a spear.
You die...

##...... #.........%#
#....... #..........##
#.......
#............####..>....
#..........#............
#........ #####.......
#...gr. #...###......
#.gg## #...#........ #@)#
#.....###.###
##[###....#.......
#................
#..####.......... ##..#
###..######.
####...###.....####..
#..........#.#...##.#
#####.........##.###....#
#.............##.###.....


You could see 3 gnolls and a quokka.

Vanquished Creatures
  An adder (D:2)
  An ooze (D:1)
  A worm (D:2)
  A dart slug (D:2)
  A giant cockroach (D:1)
  5 goblins (D:2)
  A hobgoblin (D:1)
  2 jackals (D:1)
  11 bats
  4 frilled lizards
  3 kobolds
  5 rats
36 creatures vanquished.

Notes
Turn   | Place    | Note
-------+----------+-------------------------------------------
     0 | D:1      | LarsimusPrime the Minotaur Fighter began the quest for the Orb.
     0 | D:1      | Reached XP level 1. HP: 19/19 MP: 0/0
   259 | D:1      | Reached XP level 2. HP: 27/27 MP: 1/1
   842 | D:2      | Reached XP level 3. HP: 33/33 MP: 2/2
  1100 | D:2      | Slain by a gnoll

Skill      XL: |  1  2 |
---------------+-------+-----
Shields        | 4 |  4.2
Maces & Flails | 3 |  3.4
Fighting       | 4 |  4.1
Armour         | |  3.9
Dodging        | |  0.4

Action                   || total
-------------------------++-------
Melee: Flail             ||    84
       Headbutt          ||    12
  Use: Scroll            ||     4
  Eat: Chunk             ||     1
Armor: Scale mail        ||    70
Dodge: Dodged            ||    37
Block: Shield            ||    50
